 Dungeon Crawl Stone Soup version 0.19.5 (webtiles) character file.

98 ri73 the Conjurer (level 4, 0/24 HPs)
             Began as a Deep Elf Conjurer on Apr 6, 2017.
             Slain by Sigmund
             ... wielding a +0 scythe
              (13 damage)
             ... on level 2 of the Dungeon on Apr 13, 2017.
             The game lasted 00:33:34 (2912 turns).

ri73 the Conjurer (Deep Elf Conjurer)               Turns: 2912, Time: 00:33:35

Health: 0/24       AC:  4    Str:  5    XL:     4   Next: 43%
Magic:  9/10       EV: 13    Int: 21    God:
Gold:   146        SH:  0    Dex: 15    Spells: 1 memorised, 8 levels left

rFire  . . .     SeeInvis .     (no weapon)
rCold  . . .     Gourm    .     a - +0 robe
rNeg   . . .     Faith    .     (no shield)
rPois  +         Spirit   .     (no helmet)
rElec  .         Reflect  .     d - +1 cloak {rPois}
rCorr  .         Harm     .     (no gloves)
MR     .....                    (no boots)
Stlth  ++........               (no amulet)
                                (no ring)
                                (no ring)

@: no status effects
A: no striking features
a: no special abilities


You were on level 2 of the Dungeon.
You were not hungry.

You visited 1 branch of the dungeon, and saw 3 of its levels.

You collected 146 gold pieces.

Inventory:

Armour
 a - a +0 robe (worn)
 d - a +1 cloak of poison resistance (worn)
Scrolls
 e - 2 scrolls of teleportation {unknown}
 f - a scroll of random uselessness {unknown}
 g - 2 scrolls of identify {unknown}
Books
 b - a book of Conjurations

   Spells                             Type                      Level
   a - Magic Dart                     Conjuration                  1
   b - Searing Ray                    Conjuration                  2
   c - Dazzling Spray                 Conjuration/Hexes            3
   d - Fulminant Prism                Conjuration/Hexes            4
   e - Iskenderun's Mystic Blast      Conjuration                  4
   f - Iskenderun's Battlesphere      Conjuration/Charms           5


   Skills:
 - Level 2.4 Dodging
 - Level 2.4 Stealth
 - Level 3.0 Spellcasting
 + Level 6.5 Conjurations


You had 8 spell levels left.
You knew the following spells:

 Your Spells              Type           Power        Failure   Level  Hunger
a - Magic Dart            Conj           ####         1%          1    None


Dungeon Overview and Level Annotations

Branches:
Dungeon (3/15)

Altars:
Ashenzari
Qazlal

Annotations:
D:2 Sigmund
D:3 Grinder


Message History

There is an entrance to a sewer on this level.
Hurry and find it before the portal rusts away!
You hear the slow rusting of a distant drain.
Level annotation: Grinder, Sigmund Sigmund hits you with a scythe.
There is a stone staircase leading up here.
Casting: Magic Dart
Confirm with . or Enter, or press ? or * to list all spells.
Aiming: Magic Dart
Press: ? - help, Shift-Dir - straight line, f - Sigmund
Aim: Sigmund, wielding a scythe and wearing a robe (severely wounded)
The magic dart hits Sigmund.
Sigmund is almost dead.
Sigmund casts a spell.
Sigmund flickers and vanishes!
Something hits you.
You climb upwards.
There is a stone staircase leading down here.
You hit something but do no damage. Something hits you!
Ouch! That really hurt!
You die...

#########....#.# #.#
####.#.# #.# #.#.# #.#
#.#.# ###.# #.#.#####...#
#.#.....#.### ###
#.#........# ..#
#.#.###.#..# #.# #.#@#
#.#..# #.# #.#.# #.#..#
#.# #.#.# #.#..#
#.############.#.# #.#..#
...............#.###....#
..................).....#
.####....#######..####..#
.# #....# #........# .#
#...## ##.####.##


There were no monsters in sight!

Vanquished Creatures
  3 adders (D:2)
  An ooze (D:2)
  4 dart slugs
  A leopard gecko (D:1)
  6 bats
  2 giant cockroaches
  9 goblins
  6 hobgoblins
  9 kobolds
  A quokka (D:2)
  8 frilled lizards
  4 rats
54 creatures vanquished.

Notes
Turn   | Place    | Note
-------+----------+-------------------------------------------
     0 | D:1      | ri73 the Deep Elf Conjurer began the quest for the Orb.
     0 | D:1      | Reached XP level 1. HP: 10/10 MP: 6/6
   150 | D:2      | Found a stormy altar of Qazlal.
   486 | D:1      | Reached skill level 5 in Conjurations
   486 | D:1      | Reached XP level 2. HP: 15/15 MP: 5/8
  1035 | D:1      | Reached XP level 3. HP: 19/19 MP: 5/9
  1888 | D:2      | Reached skill level 6 in Conjurations
  2027 | D:2      | Reached XP level 4. HP: 22/24 MP: 6/10
  2219 | D:2      | Found a shattered altar of Ashenzari.
  2759 | D:3      | Noticed Grinder
  2809 | D:3      | Noticed Sigmund
  2912 | D:2      | Slain by Sigmund

Skill      XL: |  1  2  3 |
---------------+----------+-----
Conjurations   | 5 6 |  6.5
Dodging        | |  2.4
Stealth        | |  2.4
Spellcasting   | |  3.0

Action                   |  1- 3 |  4- 6 || total
-------------------------+-------+-------++-------
Melee: Unarmed           |       |     1 ||     1
 Cast: Magic Dart        |    79 |    33 ||   112
  Use: Potion            |     2 |       ||     2
       Scroll            |       |     1 ||     1
  Eat: Bread ration      |     1 |       ||     1
       Chunk             |     1 |       ||     1
Armor: Robe              |     2 |     1 ||     3
Dodge: Dodged            |    21 |     3 ||    24
